 Dungeon Crawl Stone Soup version 0.30.0-30-g96aa6591b8 (webtiles) character file.

Game seed: 12942006891483278242

6 monsoonserge the Vexing (level 1, 0/7 HPs)
             Began as a Felid Enchanter on July 1, 2023.
             Slain by a goblin
             ... wielding a +0 dagger
              (3 damage)
             ... on level 1 of the Dungeon.
             The game lasted 00:00:31 (126 turns).

monsoonserge the Vexing (Felid Enchanter)            Turns: 126, Time: 00:00:31

Health: 0/7        AC:  1    Str:  4    XL:     1   Next: 75%
Magic:  4/4        EV: 17    Int: 16    God:
Gold:   12         SH:  0    Dex: 16    Spells: 4/4 levels left
                                        Lives:  0   Deaths: 0

rFire   . .          .
                       - Unarmed
rCold   . . .        (shield unavailable)
rNeg    . . .        (body armour unavailable)
rPois   .            (helmet unavailable)
rElec   .            (cloak unavailable)
rCorr   .            (gloves unavailable)
SInv    +            (boots unavailable)
Will    .....        (no amulet)
Stlth   +++          (no ring)
HPRegen 0.21/turn    (no ring)
MPRegen 0.09/turn

%: no passive effects
@: quick
A: very small, claws 1, fangs 3, see invisible, speed 1, shaggy fur 1, stealthy
paws, no weapons or thrown items, no armour, multi-lived
a: no special abilities


You were on level 1 of the Dungeon.
You visited 1 branch of the dungeon, and saw 1 of its levels.

You collected 12 gold pieces.

Inventory:

Scrolls
 c - 2 scrolls of identify {unknown}
 d - 2 scrolls of enchant armour {unknown}
Potions
 a - 2 potions of invisibility
 b - a potion of might {unknown}


   Skills:
 + Level 2.8 Dodging
 - Level 4.0 Stealth
 * Level 1.2 Unarmed Combat
 - Level 2.0 Spellcasting
 + Level 4.8 Hexes


You had 4 spell levels left.
You didn't know any spells.
Your spell library contained the following spells:

 Spells                   Type           Power      Damage    Failure   Level
 Confusing Touch          Hex            16%        N/A       9%          3
 Tukima's Dance           Hex            16%        N/A       9%          3
 Ensorcelled Hibernation  Hex/Ice        18%        N/A       12%         2
 Dazzling Flash           Conj/Hex       18%        N/A       24%         3
 Inner Flame              Hex/Fire       9%         N/A       24%         3
 Yara's Violent Unravell  Hex/Tmut       4%         3d4       91%         5
 Enfeeble                 Hex            8%         N/A       100%        7


Dungeon Overview and Level Annotations

Branches:
Dungeon (1/15)

Altars:


Innate Abilities, Weirdness & Mutations

You have sharp claws.
You have razor-sharp teeth.
You have supernaturally acute eyesight. (SInv)
You cover ground quickly. (Speed+)
You are covered in fur. (AC +1)
Your paws help you pounce on unaware monsters.
You are incapable of wielding weapons or throwing items.
You cannot wear armour.
You gain extra lives every three experience levels.


Message History

c - 2 scrolls labelled LYHATO MUEJEWN (gained 1)
d - a scroll labelled GINIT RALIA You now have 12 gold pieces.
There are no items here.
d - 2 scrolls labelled GINIT RALIA (gained 1)
Found 6 javelins.
Found a stone staircase leading down.
You pick up a book of Misfortune and begin reading...
You add the spells Inner Flame, Yara's Violent Unravelling and Enfeeble to your library.
There are no items here.
Okay, then.
You see here 6 javelins.
There is a stone staircase leading down here.
A dart slug comes into view.
A goblin comes into view. It is wielding a +0 club.
Found a stone staircase leading down.
Found a scroll labelled ONABI NIZO.
You scratch the dart slug.
The dart slug is heavily wounded.
The dart slug completely misses you.
You scratch the dart slug.
The dart slug is severely wounded.
The dart slug misses you.
You scratch the dart slug.
The dart slug is almost dead.
You scratch the dart slug. You claw the dart slug.
You kill the dart slug!
A goblin comes into view. It is wielding a +0 dagger.
The goblin shouts!
The goblin shouts!
The goblin barely misses you.
You scratch the goblin.
You kill the goblin!
The goblin hits you but does no damage.
You see here a +0 club.
You scratch the goblin but do no damage.
The goblin hits you with a +0 dagger.
Ouch! That really hurt!
You barely miss the goblin. The goblin hits you with a +0 dagger.
You die...

..... ## ####
....### #.. ..#
...... ###.#
#.###....# ...#
#.......#
#.###.......#
##.###.......>...##
.............@g?..#
#.###..#######...#
#..# ..# #>.# ...
#(.# ### #..##
#...# #.####...#
#........#


You could see a goblin.

Vanquished Creatures
  A dart slug (D:1)
  An endoplasm (D:1)
  A hobgoblin (D:1)
  A goblin (D:1)
4 creatures vanquished.

Notes
Turn   | Place    | Note
-------+----------+-------------------------------------------
     0 | D:1      | monsoonserge the Felid Enchanter began the quest for the
                  | Orb.
     0 | D:1      | Reached XP level 1. HP: 7/7 MP: 4/4
   126 | D:1      | Slain by a goblin

Illustrated notes

Levels and vault maps discovered:
D:1:      spicycebolla_arrival_risky_transporter, layout_loops_ring

Action                     || total
---------------------------++-------
  Melee: Unarmed           ||    15
         Punch             ||     1
         Bite              ||     1
 Armour: Skin              ||     2
  Dodge: Dodged            ||     8
